Map: Central Protocol

Players

capac - Winner!

  • Race: Terran Terran
  • League: Gold

A.I. 1 (Elite)

  • Race: Zerg Zerg

VOD

Have the link to the VOD?

Description

Time

  • Played on: Feb. 25, 2016, 2:42 p.m.
  • Length: 17:29
Show
View Real Time Build Order
Export as new Build Order

capac Terran - Winner!

Build Orders: MMM Bio 

Get SALT Encoding   

  12  0:01  SCV  
  13  0:13  SCV  
  14  0:22  Supply Depot  
  14  0:27  SCV  
  15  0:44  SCV  
  15  0:47  Barracks  
  16  0:50  Refinery  
  16  0:56  SCV  
  17  1:08  SCV  
  18  1:20  SCV  
  19  1:32  SCV  
  20  1:35  Barracks Reactor  
  20  1:44  Command Center  
  20  1:46  Orbital Command  
  20  2:00  Supply Depot  
  20  2:12  SCV  
  21  2:19  Marine x2  
  23  2:28  Barracks  
  23  2:34  Factory  
  23  2:37  SCV  
  23  2:38  Marine x2  
  26  2:54  Refinery  
  26  2:56  Engineering Bay  
  26  2:57  Marine x2  
  28  3:07  Orbital Command  
  28  3:13  SCV  
  28  3:15  Marine x2  
  31  3:20  Factory Tech Lab  
  31  3:22  Barracks Tech Lab  
  31  3:26  SCV  
  32  3:33  Marine x2  
  34  3:37  SCV  
  34  3:38  SCV  
  34  3:41  Siege Tank  
  39  3:44  Stimpack  
  39  3:45  Marine  
  40  3:49  SCV  
  40  3:53  Marine  
  40  3:54  Marine  
  43  4:03  Marine  
  43  4:08  Supply Depot  
  44  4:11  Marine x2  
  44  4:12  Terran Infantry Weapons Level 1  
  46  4:23  Starport  
  46  4:30  Marine, SCV x2  
  49  4:35  Marine  
  49  4:36  Marine  
  51  4:40  Siege Tank  
  51  4:43  Refinery  
  54  4:50  SCV x2  
  56  4:57  Marine x2  
  56  4:58  Marine  
  59  5:01  Starport Reactor  
  59  5:05  Supply Depot  
  59  5:08  SCV x2  
  59  5:12  Refinery  
  61  5:17  Marine  
  62  5:26  Marine x2  
  64  5:34  SCV x2  
  64  5:35  Marine  
  67  5:38  Barracks  
  67  5:39  Medivac  
  69  5:45  Supply Depot  
  69  5:47  Medivac  
  71  5:52  Supply Depot  
  71  5:53  SCV x2  
  71  5:56  Marine x3  
  76  6:07  Siege Tank  
  76  6:08  Terran Infantry Armor Level 1  
  79  6:13  Marine  
  79  6:14  Marine x2  
  79  6:16  SCV  
  83  6:23  Liberator x2  
  83  6:35  SCV x2  
  83  6:36  Barracks Reactor  
  85  6:40  Barracks  
  85  6:43  Supply Depot  
  85  6:44  Supply Depot  
  92  6:47  SCV  
  92  6:54  SCV  
  92  6:57  Marine  
  94  7:04  Marine x2, Siege Tank, SCV  
  94  7:07  Supply Depot  
  100  7:15  Marine  
  101  7:22  Marine x2  
  99  7:33  Marine  
  99  7:36  Marine x2  
  93  7:37  Barracks Reactor  
  93  7:38  Siege Tank  
  93  7:39  Marine, Medivac x2  
  93  7:42  Supply Depot  
  94  7:45  Armory  
  94  7:46  SCV x2  
  96  7:51  Engineering Bay  
  96  8:01  Barracks  
  96  8:03  Marine x3  
  96  8:04  Marine x2  
  101  8:11  Medivac x2  
  105  8:26  Marine x4  
  108  8:28  Marine x2  
  108  8:33  Terran Infantry Weapons Level 2, Terran Infantry Armor Level 2  
  111  8:35  Marine  
  111  8:39  Supply Depot  
  112  8:49  Liberator x2  
  112  8:59  Marine x2  
  112  9:00  Marine x5  
  112  9:01  Marine  
  120  9:08  Siege Tank  
  129  9:12  Supply Depot  
  129  9:17  Supply Depot  
  123  9:37  Barracks Reactor  
  123  9:39  Marine x2  
  123  9:40  Marine x3  
  123  9:41  Marine  
  129  9:47  Supply Depot  
  129  10:04  Marine x6  
  129  10:05  Marine  
  136  10:15  Marine  
  136  10:16  Marine  
  138  10:22  Marine x7, Combat Shields  
  90  12:02  Marine x6  
  90  12:03  Marine x3  
  96  12:19  Marine  
  96  12:20  Marine  
  96  12:32  Marine x3  
  96  12:33  Marine x4  
  100  12:56  Marine  
  100  12:57  Marine x7  
  100  12:58  Marine  
  109  12:59  Liberator x2  
  109  13:14  Marine x2  
  109  13:15  Marine x7  
  109  13:18  Supply Depot  
  127  13:32  Marine x2  
  129  13:39  Siege Tank  
  121  14:05  Medivac x2  
  117  15:13  Marine x5  
  117  15:14  Marine x3  
Show
View Real Time Build Order
Export as new Build Order

A.I. 1 (Elite) Zerg 

Build Orders: Pool First 

Get SALT Encoding   

  12  0:00  Drone  
  13  0:12  Overlord  
  13  0:17  Drone  
  14  0:30  Drone x2  
  14  0:34  Drone  
  17  0:47  Spawning Pool, Drone  
  17  1:12  Hatchery  
  17  1:13  Drone  
  17  1:16  Extractor  
  17  1:18  Drone  
  17  1:21  Extractor  
  17  1:24  Drone  
  17  1:27  Drone  
  18  1:38  Drone  
  19  1:48  Overlord  
  19  1:55  Queen  
  19  2:00  Zergling x2  
  22  2:10  Drone  
  23  2:24  Queen  
  23  2:25  Drone  
  26  2:32  Drone  
  27  2:37  Drone  
  27  2:42  Drone  
  29  2:56  Roach Warren  
  29  2:58  Drone  
  29  3:01  Drone  
  29  3:04  Zergling x2  
  31  3:07  Zergling x2  
  32  3:14  Overlord  
  32  3:17  Drone  
  33  3:21  Drone  
  34  3:36  Roach x2  
  34  3:37  Roach x2  
  42  3:45  Lair  
  42  3:49  Overlord  
  42  3:54  Overlord  
  42  3:58  Zergling x2  
  42  4:00  Zergling x2  
  44  4:07  Zergling x2, Drone  
  44  4:08  Drone  
  47  4:11  Drone  
  47  4:13  Drone  
  47  4:16  Drone  
  50  4:19  Roach  
  50  4:23  Roach  
  54  4:27  Overlord  
  54  4:35  Drone  
  54  4:38  Drone  
  56  4:39  Drone  
  56  4:42  Drone  
  56  4:45  Infestation Pit, Drone  
  58  4:48  Overlord  
  58  4:52  Overlord  
  58  4:56  Roach  
  58  4:59  Roach  
  62  5:04  Hydralisk Den  
  61  5:09  Drone  
  61  5:10  Drone  
  61  5:12  Drone  
  64  5:14  Drone  
  64  5:17  Drone  
  64  5:18  Drone  
  64  5:20  Drone  
  68  5:22  Drone  
  68  5:24  Drone  
  68  5:26  Drone  
  68  5:28  Drone  
  72  5:30  Drone  
  72  5:33  Overlord  
  73  5:36  Hydralisk  
  73  5:38  Hydralisk  
  73  5:40  Infestor  
  79  5:43  Roach  
  79  5:45  Roach  
  83  5:51  Infestor  
  83  5:52  Overlord  
  85  5:59  Metabolic Boost  
  85  6:02  Evolution Chamber  
  85  6:03  Drone  
  85  6:12  Hatchery, Evolution Chamber  
  83  6:19  Drone  
  83  6:21  Drone  
  83  6:24  Ravager, Evolution Chamber  
  83  6:25  Drone  
  86  6:27  Roach  
  86  6:28  Zerg Ground Armor Level 1  
  88  6:34  Extractor, Drone  
  88  6:37  Zerg Missile Weapons Level 1  
  88  6:39  Ravager, Overlord, Extractor, Drone  
  89  6:43  Roach  
  91  6:50  Zerg Melee Weapons Level 1  
  91  6:52  Hydralisk  
  93  6:57  Drone  
  93  7:00  Hydralisk  
  93  7:01  Overlord, Drone x3  
  99  7:11  Overseer  
  99  7:14  Spine Crawler  
  99  7:15  Drone  
  99  7:22  Baneling Nest  
  94  7:23  Hydralisk, Drone  
  94  7:24  Overlord, Drone  
  94  7:25  Drone x3  
  94  7:27  Drone  
  94  7:28  Drone x2  
  94  7:29  Drone  
  97  7:32  Extractor  
  97  7:34  Zergling x2  
  90  7:37  Drone  
  90  7:39  Zergling x2  
  90  7:41  Drone  
  90  7:42  Overseer  
  93  7:45  Drone  
  93  7:46  Overlord  
  93  7:49  Drone x2  
  93  7:51  Drone  
  97  7:52  Drone  
  97  7:56  Drone  
  97  7:57  Drone  
  100  8:01  Drone  
  101  8:06  Overlord  
  101  8:08  Baneling, Drone  
  101  8:09  Glial Reconstitution  
  101  8:12  Pneumatized Carapace, Drone  
  103  8:17  Drone  
  103  8:19  Infestor, Drone  
  109  8:20  Roach, Drone  
  109  8:24  Drone  
  111  8:27  Overlord  
  111  8:29  Drone  
  111  8:32  Zerg Missile Weapons Level 2  
  112  8:35  Drone  
  112  8:38  Drone  
  112  8:40  Drone  
  115  8:45  Drone  
  115  8:47  Zerg Ground Armor Level 2  
  116  8:49  Overlord  
  116  8:51  Extractor, Infestor, Drone x2, Roach  
  121  8:57  Zergling x2  
  121  9:00  Roach  
  124  9:03  Zergling x2  
  124  9:04  Spine Crawler  
  124  9:08  Overlord  
  124  9:11  Zergling x2  
  124  9:12  Zergling x2  
  124  9:16  Hatchery, Baneling x2  
  125  9:19  Drone  
  125  9:21  Drone  
  125  9:23  Zergling x6, Drone  
  131  9:25  Baneling  
  131  9:30  Overlord  
  129  9:31  Baneling  
  129  9:32  Pathogen Glands, Zergling x2, Baneling  
  129  9:33  Zergling x2  
  129  9:34  Baneling  
  129  9:36  Spine Crawler  
  130  9:41  Zergling x2, Baneling  
  130  9:42  Baneling x3, Spore Crawler  
  130  9:43  Zergling x2  
  130  9:44  Zergling x2  
  132  9:45  Baneling  
  132  9:48  Baneling x3  
  132  9:52  Zergling x2, Spore Crawler  
  132  9:54  Spine Crawler, Zergling x6, Baneling x2  
  132  9:55  Zergling x4  
  132  9:56  Baneling x2  
  136  10:00  Baneling  
  136  10:03  Overlord  
  136  10:04  Zergling x2  
  136  10:06  Zergling x2  
  138  10:08  Queen  
  138  10:12  Queen  
  142  10:14  Hydralisk  
  142  10:16  Hydralisk  
  146  10:21  Ravager, Overlord  
  146  10:25  Roach  
  146  10:28  Ravager, Roach, Drone x2  
  153  10:29  Drone x3  
  153  10:32  Centrifical Hooks  
  157  10:35  Spore Crawler  
  157  10:36  Drone  
  157  10:37  Spore Crawler  
  157  10:38  Drone x2  
  157  10:39  Drone  
  159  10:47  Queen, Overlord, Overseer  
  159  10:48  Overseer  
  161  10:51  Zerg Melee Weapons Level 2  
  161  10:56  Drone  
  161  10:59  Drone  
  161  11:01  Roach, Drone  
  161  11:03  Roach  
  165  11:05  Overlord  
  165  11:17  Zergling x2, Hydralisk  
  161  11:19  Spine Crawler  
  161  11:20  Zergling x6, Drone  
  161  11:22  Zergling x4, Hydralisk  
  161  11:23  Zergling x2  
  161  11:24  Zergling x2, Hydralisk  
  161  11:25  Zergling x2  
  135  11:26  Hydralisk  
  135  11:27  Ravager, Zergling x2, Infestor  
  135  11:28  Baneling, Roach  
  135  11:30  Ravager  
  136  11:32  Roach  
  136  11:34  Drone  
  136  11:35  Zergling x2, Baneling  
  136  11:36  Baneling  
  136  11:38  Roach  
  136  11:39  Baneling  
  140  11:40  Baneling x2  
  140  11:41  Baneling x2  
  140  11:43  Zergling x2  
  140  11:44  Zergling x2  
  140  11:46  Zergling x2  
  126  11:49  Roach  
  126  11:51  Zergling x4, Roach  
  117  11:54  Roach  
  117  11:55  Infestor  
  117  11:56  Hydralisk, Roach x2  
  117  11:58  Roach  
  108  12:01  Roach  
  108  12:05  Roach  
  108  12:06  Hatchery, Roach  
  109  12:09  Drone  
  109  12:11  Hydralisk  
  109  12:14  Hive  
  109  12:15  Drone  
  106  12:16  Drone  
  106  12:19  Zergling x2, Drone  
  107  12:23  Spire  
  107  12:28  Drone  
  107  12:29  Zergling x2  
  100  12:34  Drone  
  100  12:43  Extractor  
  99  12:44  Drone  
  99  12:46  Zergling x2, Hydralisk, Drone, Spore Crawler  
  99  12:47  Extractor  
  99  12:49  Roach, Drone x2  
  99  12:50  Roach, Drone x3  
  100  12:52  Zergling x2, Drone  
  100  12:53  Drone x2  
  100  12:55  Drone  
  100  12:56  Drone  
  88  12:58  Hydralisk  
  88  13:01  Drone  
  88  13:03  Drone  
  89  13:05  Drone  
  89  13:06  Drone  
  89  13:08  Drone x2  
  89  13:10  Drone  
  92  13:14  Drone  
  92  13:16  Roach  
  92  13:19  Hydralisk  
  80  13:32  Zergling x2, Hydralisk  
  80  13:33  Roach, Drone, Hydralisk  
  76  13:37  Zergling x2, Corruptor  
  76  13:38  Greater Spire  
  76  13:40  Corruptor, Drone, Roach  
  77  13:52  Roach x2, Drone  
  76  13:58  Drone  
  66  14:09  Zergling x2  
  52  14:17  Roach  
  52  14:22  Roach  
  54  14:25  Hydralisk  
  54  14:29  Hydralisk  
  54  14:30  Drone x2  
  57  14:34  Roach  
  57  14:36  Drone  
  60  14:42  Drone x2  
  59  14:46  Zergling x2  
  59  14:49  Drone  
  59  14:52  Brood Lord  
  60  14:55  Drone x2  
  61  15:02  Drone x3  
  61  15:05  Zergling x2  
  38  15:15  Hatchery  
  38  15:19  Zergling x2  
  38  15:20  Roach  
  39  15:24  Roach  
  39  15:46  Zergling x4, Drone  
  33  15:58  Drone  
  33  15:59  Drone x3  
  33  16:01  Drone  
  34  16:16  Hatchery  
  29  16:34  Drone  
  29  16:38  Spawning Pool, Drone  
  29  16:41  Drone  
  29  16:44  Drone  
  29  16:45  Drone  
  26  16:50  Drone  
Tags
 
Composition
MMM Bio
League
Gold
Matchup
TvZ
Opening
Pool First
Add a new tag
Caveats
  • Supply blocks, unpowered buildings, or Contaminate may cause inaccurate times.
  • Supply counts are checked every 10 seconds.